 Dungeon Crawl Stone Soup version 0.29.1-12-g30fa7ad0bf (webtiles) character file.

Game seed: 8328147413139206755

3607 oooooof the Fighter (level 10, -2/166 (171) HPs)
             Began as an Ogre Berserker on Jan 5, 2023.
             Was a Priest of Trog.
             Slain by a wight
             ... wielding a +2 flail
              (5 damage)
             ... on level 8 of the Dungeon.
             The game lasted 00:17:09 (9336 turns).

oooooof the Fighter (Ogre Berserker)                Turns: 9336, Time: 00:17:10

HP:   -2/166 (171)  AC:  3    Str: 31    XL:     10   Next: 11%
MP:   3/3           EV: 10    Int: 11    God:    Trog [***...]
Gold: 434           SH:  5    Dex: 17    Spells: 9/9 levels left

rFire   . . .      SeeInvis .   r - +2 demon whip (antimagic)
rCold   . . .      Faith    .   (no shield)
rNeg    . . .      Spirit   .   x - +4 robe of Augmentation {Str+4 Int+4 Dex+4}
rPois   +          Reflect  +   (helmet restricted)
rElec   .          Harm     .   (no cloak)
rCorr   .          Rampage  .   (gloves unavailable)
Will    ++...                   (boots unavailable)
Stlth   ..........              s - amulet of reflection
HPRegen 0.37/turn               n - ring of poison resistance
MPRegen 0.08/turn               a - ring of willpower

@: mighty, berserking (expiring), corroded, lightly drained, very quick
A: large, unfitting armour, tough skin 1, thin skeletal structure 1, low MP 1,
strong 1
a: Renounce Religion, Berserk, Trog's Hand


You were on level 8 of the Dungeon.
You worshipped Trog.
Trog was most pleased with you.
You visited 1 branch of the dungeon, and saw 8 of its levels.
You also visited: Sewer.

You collected 434 gold pieces.

Inventory:

Hand Weapons
 r - a +2 antimagic demon whip (weapon)
Armour
 x - the +4 robe of Augmentation (worn) {Str+4 Int+4 Dex+4}
   (You found it on level 7 of the Dungeon)

   Str:       It affects your strength (+4).
   Int:       It affects your intelligence (+4).
   Dex:       It affects your dexterity (+4).
Jewellery
 a - a ring of willpower (right hand)
 n - a ring of poison resistance (left hand)
 s - an amulet of reflection (around neck)
 z - a ring of ice
Wands
 h - a wand of paralysis (4)
 k - a wand of polymorph (14)
 t - a wand of flame (13)
Scrolls
 c - a scroll of summoning {unknown}
 i - a scroll of butterflies
 l - 3 scrolls of blinking
 o - 3 scrolls of magic mapping
Potions
 d - a potion of curing
 e - a potion of attraction
 f - a potion of lignification
 g - a potion of brilliance
 j - 2 potions of flight
 p - 2 potions of resistance
 q - a potion of cancellation
 u - a potion of ambrosia
 v - a potion of berserk rage


   Skills:
 + Level 11.3 Fighting
 * Level 11.0 Maces & Flails
 - Level 2.6 Dodging


You had 9 spell levels left.
You didn't know any spells.
Your spell library was empty.

Dungeon Overview and Level Annotations

Branches:
Dungeon (8/15)             Temple (0/1) D:4           Sewer (visited)
   Lair: D:8-11

Altars:
Nemelex Xobeh
Qazlal
Vehumet
Yredelemnul
The Shining One

Shops:
D:1 *   D:3 [   D:7 :   D:8 !


Innate Abilities, Weirdness & Mutations

You are too large for most types of armour.
You have tough skin. (AC +1)
You have a somewhat thin skeletal structure. (Dex +2, Stealth+)
Your magical capacity is low. (-10% MP)
Your muscles are strong. (Str +4, Int/Dex -1)


Message History

You closely miss the acid dragon.
The acid dragon is moderately wounded.
The acid dragon spits acid at you. The splash of acid misses you.
You whack the acid dragon!
The acid dragon is severely wounded.
You whack the acid dragon!
The acid dragon is almost dead.
The acid dragon bites you!
* * * LOW HITPOINT WARNING * * *
The acid dragon claws you.
* * * LOW HITPOINT WARNING * * *
You hit the acid dragon.
You kill the acid dragon!
Trog accepts your kill.
The acid dragon scales are intact enough to wear.
Your Maces & Flails skill increases to level 11!
The wight closely misses you. The wight barely misses you.
Things that are here:
+0 acid dragon scales; an acid dragon corpse You barely miss the wight.
You closely miss the wight. You closely miss the wight.
The wight closely misses you. You block the wight's attack.
You completely miss the wight. You whack the wight!
The wight is heavily damaged.
The wight hits you from afar with a +0 spear!
* * * LOW HITPOINT WARNING * * *
The wight hits you with a +5 battleaxe!
* * * LOW HITPOINT WARNING * * *
You whack the wight!
You destroy the wight!
Trog accepts your kill.
Your life force feels restored.
You block the gnoll's attack. The wight closely misses you.
The wight hits you with a +2 flail!
* * * LOW HITPOINT WARNING * * *
You feel drained.
You die...

#.....##........<#.#
####............##.#
#........#..)...#
#........#....###
#........#....#########
#........#............#
#####.####............#
#.####z...........#
#...[@zg..........#
#.####zz..........# #
##z............
#.).......!.##
#..)...........#
......z............
.#...#z.....##.##.#
..#.#.......# .#
...∩........# #


You could see 5 wights and a gnoll.

Vanquished Creatures
  The ghost of GigaChad the Cleaver, a novice MiFi of Trog (D:7)
  Maurice (D:8)
  A hornet (D:7)
  Prince Ribbit (D:5)
  An acid dragon (D:8)
  A water moccasin (D:7)
  Pargi (Sewer)
  An orc warrior (D:7)
  An ice beast (D:7)
  2 ogres (D:6)
  A centaur (D:5)
  3 bullfrogs
  A necrophage (D:6)
  3 scorpions
  3 wights (D:8)
  3 killer bees (D:8)
  A howler monkey (D:6)
  3 hounds
  3 orc priests
  Ijyb (D:3)
  2 jellies
  Terence (D:3)
  9 orc wizards
  3 iguanas
  8 adders
  A river rat (D:4)
  A shadow imp (D:5)
  A white imp (D:5)
  An ufetubus (D:5)
  A worm (D:4)
  2 dart slugs
  27 orcs
  2 endoplasms
  8 giant cockroaches
  7 goblins
  10 hobgoblins
  A quokka (D:1)
  11 ball pythons
  6 bats
  3 frilled lizards
  13 kobolds
  7 rats
158 creatures vanquished.

Vanquished Creatures (others)
  2 withered plants (D:7)
2 creatures vanquished.

Grand Total: 160 creatures vanquished

Notes
Turn   | Place    | Note
-------+----------+-------------------------------------------
     0 | D:1      | oooooof the Ogre Berserker began the quest for the Orb.
     0 | D:1      | Reached XP level 1. HP: 24/24 MP: 1/1
   229 | D:1      | Reached XP level 2. HP: 32/32 MP: 2/2
   718 | D:1      | Found Libaa's General Store.
   924 | D:2      | Reached XP level 3. HP: 21/40 MP: 3/3
  1825 | D:3      | Reached XP level 4. HP: 49/49 MP: 4/4
  1969 | D:3      | Reached skill level 5 in Fighting
  1974 | D:3      | Reached ** piety under Trog
  1994 | D:3      | Reached XP level 5. HP: 40/57 MP: 5/5
  2261 | D:3      | Found Kutz's Armour Shop.
  2302 | D:3      | Noticed Terence
  2327 | D:3      | Killed Terence
  2739 | D:3      | Noticed Ijyb
  2756 | D:3      | Killed Ijyb
  2939 | D:3      | Reached skill level 5 in Maces & Flails
  3199 | D:3      | Found a sparkling altar of Nemelex Xobeh.
  3199 | D:3      | Found a glowing golden altar of the Shining One.
  3330 | D:4      | Reached XP level 6. HP: 51/67 MP: 6/6
  3338 | D:4      | Found a glowing drain.
  3563 | Sewer    | Entered a sewer
  3759 | Sewer    | Noticed Pargi
  3769 | Sewer    | Killed Pargi
  4064 | D:4      | Identified the +2 long sword of Judgement {vorpal, rElec
                  | rPois MP-9}
  4155 | D:4      | Found a basalt altar of Yredelemnul.
  4369 | D:4      | Found a staircase to the Ecumenical Temple.
  4790 | D:5      | Entered Level 5 of the Dungeon
  4798 | D:4      | Reached XP level 7. HP: 73/76 MP: 7/7
  5275 | D:5      | Found a radiant altar of Vehumet.
  5525 | D:6      | HP: 3/78 [ogre/+0 giant club (23)]
  5980 | D:5      | Noticed Prince Ribbit
  6003 | D:5      | Killed Prince Ribbit
  6004 | D:5      | Reached XP level 8. HP: 84/88 MP: 8/8
  7292 | D:7      | Identified a scroll of acquirement
  7292 | D:7      | Acquired a +0 antimagic demon whip
  7567 | D:7      | Gained mutation: You have a somewhat thin skeletal
                  | structure. (Dex +2, Stealth+) [potion of mutation]
  7567 | D:7      | Gained mutation: Your magical capacity is low. (-10% MP)
                  | [potion of mutation]
  7567 | D:7      | Gained mutation: Your muscles are strong. (Str +4, Int/Dex
                  | -1) [potion of mutation]
  7609 | D:7      | Found Disumuc's Book Shoppe.
  7737 | D:7      | Reached XP level 9. HP: 91/98 MP: 2/8
  7845 | D:7      | Found a runed translucent door.
  7846 | D:7      | Noticed GigaChad's ghost (novice MiFi)
  8062 | D:7      | Noticed a hornet
  8064 | D:7      | Paralysed by a hornet for 3 turns
  8072 | D:7      | Killed a hornet
  8284 | D:7      | Found the +4 robe of Augmentation {Str+4 Int+4 Dex+4}
  8285 | D:7      | Found a stormy altar of Qazlal.
  8842 | D:7      | Killed GigaChad's ghost
  8843 | D:7      | Reached skill level 10 in Fighting
  8843 | D:7      | Reached skill level 10 in Maces & Flails
  9010 | D:8      | Reached *** piety under Trog
  9158 | D:8      | Noticed Maurice
  9252 | D:8      | Killed Maurice
  9253 | D:8      | Reached XP level 10. HP: 102/113 MP: 3/9
  9303 | D:8      | Found Muammiuwie's Distillery.
  9336 | D:8      | HP: 3/171 [wight/+2 flail (14)]
  9336 | D:8      | Slain by a wight

Illustrated notes

Levels and vault maps discovered:
D:1:      dpeg_arrival_round_b, layout_basic, serial_shops, shop
D:2:      layout_basic
D:3:      layout_basic, gammafunk_temple_overflow_elements, serial_aquarium,
          aquarium_bridge_long_separate [aquarium_subvault_bridge,
          aquarium_subvault_bridge, aquarium_subvault_wall,
          aquarium_subvault_bridge, aquarium_subvault_bridge,
          aquarium_subvault_window], aquarium_window_3, aquarium_window_double,
          aquarium_window_2, aquarium_view_2e, aquarium_balcony_5b,
          aquarium_pool_split, serial_shops, nicolae_shop_waterfront,
          patterned_corridor, uniq_ijyb, uniq_terence
D:4:      layout_basic, old_standard_altar, minmay_temple_entry_glassed_door,
          portal_sewer_entry_a
D:5:      layout_cave_pools, nicolae_vehumet_altar_sigil,
          kennysheep_generic_room_4, uniq_prince_ribbit1
D:6:      layout_basic, minivault_23
D:7:      layout_basic, nicolae_qazlal_general_emergency, serial_shops,
          shop_fountains, gammafunk_ghost_grave
D:8:      layout_basic, serial_shops, nicolae_shop_advertising_works
          [nicolae_subvault_shop_adworks], uniq_maurice

Skill      XL: |  1  2  3  4  5  6  7  8  9 10 |
---------------+-------------------------------+-----
Maces & Flails | 3 4 5 6 7 8 10 11 | 11.0
Fighting       | 5 6 8 9 11 | 11.3
Dodging        | |  2.6

Action                   |  1- 3 |  4- 6 |  7- 9 | 10-12 || total
-------------------------+-------+-------+-------+-------++-------
Melee: Mace              |   109 |   205 |   174 |       ||   488
       Punch             |     1 |     2 |     4 |       ||     7
       Demon whip        |       |       |   108 |    21 ||   129
Invok: Berserk           |     2 |     4 |     9 |     1 ||    16
       Trog's Hand       |       |     1 |     4 |       ||     5
Evoke: Wand              |       |       |     4 |       ||     4
  Use: Scroll            |       |    12 |     9 |     1 ||    22
       Potion            |       |     6 |     5 |     2 ||    13
 Stab: Paralysed         |       |       |     3 |       ||     3
       Sleeping          |       |       |     1 |       ||     1
Armor: Animal skin       |    61 |    64 |    63 |       ||   188
       Robe              |       |       |     9 |     1 ||    10
Dodge: Dodged            |    77 |   108 |   125 |    12 ||   322
Block: Other             |       |    42 |    47 |     6 ||    95
